 Dungeon Crawl Stone Soup version 0.28-a0-769-g550dbda0cd (webtiles) character file.

Game seed: 13943696789529255990

5 flotson the Sneak (level 1, -2/18 HPs)
             Began as a Demonspawn Delver on Oct 31, 2021.
             Slain by a hobgoblin (3 damage)
             ... on level 2 of the Dungeon.
             The game lasted 00:02:07 (421 turns).

flotson the Sneak (Demonspawn Delver)                Turns: 421, Time: 00:02:08

Health: -2/18      AC:  3    Str: 12    XL:     1   Next: 66%
Magic:  1/1        EV: 11    Int: 11    God:
Gold:   8          SH:  0    Dex: 14    Spells: 0/0 levels left

rFire   . . .      SeeInvis .   a - +0 hand axe
rCold   . . .      Faith    .   (no shield)
rNeg    . . .      Spirit   .   b - +0 leather armour
rPois   .          Reflect  .   (no helmet)
rElec   .          Harm     .   (no cloak)
rCorr   .          Rampage  .   (no gloves)
Will    .....                   (no boots)
Stlth   ++........              (no amulet)
HPRegen 0.06/turn               (no ring)
MPRegen 0.07/turn               (no ring)

@: no status effects
A: no striking features
a: no special abilities


You were on level 2 of the Dungeon.
You visited 1 branch of the dungeon, and saw 4 of its levels.

You collected 8 gold pieces.

Inventory:

Hand Weapons
 a - a +0 hand axe (weapon)
Armour
 b - a +0 leather armour (worn)
Wands
 g - a wand of digging (3)
Scrolls
 c - a scroll of fog


   Skills:
 + Level 3.1 Fighting
 - Level 1.7 Axes
 + Level 0.4 Armour
 + Level 1.9 Dodging
 - Level 4.5 Stealth


You couldn't memorise any spells.
You didn't know any spells.
Your spell library was empty.

Dungeon Overview and Level Annotations

Branches:
Dungeon (5/15)
 Temple: D:4-7

Altars:

Shops:
D:3 (

Annotations:
D:5 Ijyb


Message History

An adder comes into view.
Found a scroll labelled QAADUZ OPSURGH.
The adder hisses angrily.
The ball python barely misses you. The ball python closely misses you.
A frilled lizard and a zombie come into view.
A goblin comes into view. It is wielding a +0 dagger of freezing.
Found a stone staircase leading up.
Your extra speed is starting to run out.
The goblin shouts!
You hear a shout!
A hobgoblin comes into view.
There is a stone staircase leading up here.
The hobgoblin hits you.
* * * LOW HITPOINT WARNING * * *
You climb upwards.
Reactivating autopickup.
Found a scroll labelled QAADUZ OPSURGH.
There is a stone staircase leading down here.
You hit the hobgoblin.
The hobgoblin is heavily wounded.
You barely miss the hobgoblin.
The hobgoblin is heavily wounded.
The hobgoblin hits you.
* * * LOW HITPOINT WARNING * * *
You barely miss the hobgoblin.
The hobgoblin is heavily wounded.
You feel yourself slow down. The hobgoblin hits you.
* * * LOW HITPOINT WARNING * * *
Unknown command.
Unknown command.
You hit the hobgoblin but do no damage.
The hobgoblin is heavily wounded.
The hobgoblin misses you.
You hit the hobgoblin.
The hobgoblin is severely wounded.
The hobgoblin closely misses you.
You barely miss the hobgoblin.
The hobgoblin is severely wounded.
The hobgoblin hits you.
You die...

######
#....
####.#..
#......#
#?.....#
#....g@#
#...####
#.


You could see a hobgoblin.

Vanquished Creatures
  2 orcs (D:3)
  A ball python (D:3)
  A rat (D:3)
4 creatures vanquished.

Notes
Turn   | Place    | Note
-------+----------+-------------------------------------------
     0 | D:5      | flotson the Demonspawn Delver began the quest for the Orb.
     0 | D:5      | Reached XP level 1. HP: 18/18 MP: 1/1
    43 | D:5      | Noticed Ijyb
   234 | D:4      | Upgraded the game from 0.28-a0-751-gef3a642a4e to
                  | 0.28-a0-769-g550dbda0cd
   322 | D:3      | Found Kibroeng's Antique Weapon Boutique.
   357 | D:3      | Noticed an orc wizard
   421 | D:2      | Slain by a hobgoblin

Illustrated notes

Levels and vault maps discovered:
D:2:      layout_loops_cross, minmay_randomly_rotated_circles
D:3:      layout_rooms, serial_shops, nicolae_shop_behind_doors
D:4:      layout_basic, uniq_sigmund
D:5:      minmay_inner_zag, layout_layer_cave, nicolae_ru_sacrificial_ziggurat,
          kennysheep_mini_moat, kennysheep_vampire_church,
          mainiacjoe_overflow_swirl, minmay_temple_entry_stoned_glass,
          uniq_pikel, uniq_ijyb, uniq_grinder

Action                   || total
-------------------------++-------
Melee: Hand axe          ||    17
  Use: Scroll            ||     2
       Potion            ||     1
Armor: Leather armour    ||     1
Dodge: Dodged            ||    15

Table legend: (Time is in decaauts)
 A = Elapsed time spent in this place.
 B = Non-inter-level travel time spent in this place.
 C = Inter-level travel time spent in this place.
 D = Time resting spent in this place.
 E = Time spent auto-exploring this place.
 F = Levels seen in this place.
 G = Mean time per level.
                   A        B        C        D        E       F      G
               +--------+--------+--------+--------+--------+-----+--------+
         Total |    407 |    407 |      0 |      0 |    306 |   4 |  101.8 |
       Dungeon |    407 |    407 |      0 |      0 |    306 |   4 |  101.8 |
               +--------+--------+--------+--------+--------+-----+--------+

Top non-repeatable levels by time:
     D:4: 203 daAuts
     D:3: 147 daAuts
     D:5: 51 daAuts
     D:2: 5 daAuts
